Map: Orbital Shipyard

Players

AttAcK

  • Race: Protoss Protoss

LilDicky - Winner!

  • Race: Terran Terran
  • League: Diamond

VOD

http://www.twitch.tv/tumescentpie

Description

Time

  • Played on: Dec. 5, 2015, 5:01 p.m.
  • Length: 6:07
Show
View Real Time Build Order
Export as new Build Order

AttAcK Protoss 

Build Orders: Oracle Opening 

Get SALT Encoding   

  12  0:01  Probe (Chrono Boost)  
  13  0:12  Probe (Chrono Boost)  
  14  0:19  Pylon  
  14  0:22  Probe (Chrono Boost)  
  15  0:38  Probe (Chrono Boost)  
  15  0:41  Gateway  
  16  0:48  Probe (Chrono Boost)  
  16  0:49  Assimilator  
  17  0:54  Assimilator  
  17  1:01  Probe (Chrono Boost)  
  18  1:11  Pylon  
  18  1:12  Probe (Chrono Boost)  
  19  1:23  Probe (Chrono Boost)  
  20  1:31  Cybernetics Core  
  20  1:34  Probe (Chrono Boost)  
  20  1:35  Zealot  
  23  1:44  Pylon  
  23  1:48  Probe (Chrono Boost)  
  24  1:58  Probe (Chrono Boost)  
  25  2:09  Probe (Chrono Boost)  
  25  2:10  Stargate  
  25  2:14  Warp Gate  
  26  2:21  Pylon  
  26  2:26  Stalker (Chrono Boost)  
  28  2:45  Probe  
  29  2:53  Stalker (Chrono Boost)  
  29  2:54  Oracle (Chrono Boost)  
  34  3:14  Nexus  
  31  3:28  Oracle (Chrono Boost)  
  29  3:58  Probe  
  29  3:59  Oracle (Chrono Boost)  
  30  4:10  Probe  
  31  4:20  Robotics Facility  
  31  4:22  Probe  
  31  4:34  Probe  
  30  4:46  Probe  
  31  4:58  Probe  
  25  5:10  Probe  
  25  5:13  Observer (Chrono Boost)  
  24  5:22  Probe  
  24  5:23  Stalker  
  24  5:34  Probe  
  23  5:47  Probe  
Show
View Real Time Build Order
Export as new Build Order

LilDicky Terran - Winner!

Build Orders: MMM Bio 

Get SALT Encoding   

  12  0:01  SCV  
  13  0:13  SCV  
  14  0:18  Supply Depot  
  14  0:25  SCV  
  15  0:31  Refinery  
  15  0:39  SCV  
  16  0:46  Barracks  
  16  0:51  SCV  
  17  1:03  SCV  
  18  1:18  SCV  
  19  1:33  Orbital Command  
  19  1:34  Marine  
  19  1:35  Supply Depot  
  19  1:36  Factory  
  20  1:57  Marine  
  21  2:02  SCV, Barracks  
  21  2:07  Barracks  
  22  2:18  SCV, Refinery  
  24  2:26  Barracks Reactor  
  23  2:31  SCV  
  24  2:46  Widow Mine  
  24  2:48  SCV  
  27  2:54  Barracks Tech Lab x2  
  27  3:00  SCV  
  27  3:03  Supply Depot, Marine x2  
  30  3:12  SCV  
  31  3:24  SCV, Widow Mine  
  34  3:27  Marine x2  
  34  3:28  Combat Shields  
  34  3:29  Stimpack, Marine x2  
  37  3:37  SCV  
  37  3:39  Supply Depot  
  38  3:45  Marine x2  
  38  3:47  Marine  
  31  4:12  SCV, Marine x3  
  31  4:13  Marine  
  31  4:16  Supply Depot x2  
  36  4:24  SCV  
  36  4:31  Marine x2  
  38  4:32  Supply Depot  
  38  4:37  SCV, Marine, Widow Mine  
  41  4:57  Supply Depot  
  38  5:02  Marine x2  
  38  5:05  Marine x2  
  38  5:06  Concussive Shells  
  34  5:20  Marine  
  35  5:27  Supply Depot  
  35  5:42  Marine x2  
  35  5:47  Marine x2  
Tags
 
Add a new tag
Caveats
  • Supply blocks, unpowered buildings, or Contaminate may cause inaccurate times.
  • Supply counts are checked every 10 seconds.